 Dungeon Crawl Stone Soup version 0.21-a0-225-g207ae17 (webtiles) character file.

72 Moloch the Skirmisher (level 4, 0/36 HPs)
             Began as a Mummy Fighter on Aug 29, 2017.
             Killed by divine providence
             ... invoked by an orc priest
              (11 damage)
             ... on level 3 of the Dungeon.
             The game lasted 00:02:33 (1504 turns).

Moloch the Skirmisher (Mummy Fighter)               Turns: 1504, Time: 00:02:34

Health: 0/36       AC:  7    Str: 19    XL:     4   Next: 7%
Magic:  4/4        EV:  7    Int:  7    God:
Gold:   74         SH:  8    Dex: 12    Spells: 3/3 levels left

rFire    x . .     SeeInvis +   a - +0 trident
rCold    + . .     Gourm    .   c - +0 shield
rNeg     + + +     Faith    .   b - +0 scale mail
rPois    ∞         Spirit   .   h - +0 helmet
rElec    .         Reflect  .   (no cloak)
rCorr    .         Harm     .   (no gloves)
MR       .....                  (no boots)
Stlth    ..........             (no amulet)
HPRegen  0.12/turn              j - ring of see invisible
MPRegen  0.09/turn              (no ring)

@: about to teleport
A: no food or potions, fire vulnerability, cold resistance 1, negative energy
resistance 3, torment resistance, unbreathing
a: no special abilities


You were on level 3 of the Dungeon.
You were not hungry.

You visited 1 branch of the dungeon, and saw 3 of its levels.

You collected 74 gold pieces.

Inventory:

Hand Weapons
 a - a +0 trident (weapon)
Armour
 b - a +0 scale mail (worn)
 c - a +0 shield (worn)
 h - a +0 helmet (worn)
Jewellery
 j - a ring of see invisible (left hand)
 k - an uncursed ring of flight {unknown}
Scrolls
 g - a scroll of amnesia
 i - a scroll of enchant armour


   Skills:
 + Level 3.6 Fighting
 * Level 3.1 Polearms
 - Level 2.4 Armour
 - Level 2.4 Shields


You had 3 spell levels left.
You didn't know any spells.

Dungeon Overview and Level Annotations

Branches:
Dungeon (3/15)

Altars:
Vehumet

Annotations:
D:3 tof's ghost, amateur DsGl


Innate Abilities, Weirdness & Mutations

You do not eat or drink.
Your flesh is vulnerable to fire.
You are immune to poison.
Your flesh is cold resistant. (rC+)
You are immune to negative energy. (rN+++)
You are immune to unholy pain and torment.
You can survive without breathing.


Message History

As you read the scroll labeled IHATIGAVVE, it crumbles to dust.
The creatures around you are filled with an inner flame!
It was a scroll of immolation.
Tof's ghost hits you! The orc hits you but does no damage.
As you read the scroll labeled NAC URRIZO, it crumbles to dust.
It is a scroll of recharging.
You aren't carrying any rechargeable items.
You block tof's ghost's attack. The orc closely misses you.
A jackal comes into view.
As you read the scroll labeled XAXEAG ILEYMNE, it crumbles to dust.
You feel strangely unstable.
It was a scroll of teleportation.
Tof's ghost hits you! The orc closely misses you.
Tof's ghost hits you but does no damage.
You block the orc's attack.
A rat comes into view.
Tof's ghost hits you but does no damage.
The orc hits you with a short sword.
The orc priest invokes the aid of Beogh against you.
Beogh smites you!
You die...

############
#.....<....#
............#
...########.# . #[#
#.# ..h########.#
#####
.rhoooo@W...####...#
.##########...†..#!#
#.####...##
######.###...[.####
............).......
########.##......###
#.###.[.#.# ..#
##.##.# #.#.# #....#


You could see an orc priest (inner flame), tof's ghost (inner flame), 3 orcs, 2
jackals and a rat.

Vanquished Creatures
  An ooze (D:2)
  A worm (D:2)
  A dart slug (D:2)
  4 orcs (D:3)
  5 giant cockroaches (D:1)
  10 goblins
  5 hobgoblins
  4 jackals
  3 kobolds
  A quokka (D:2)
  A ball python (D:2)
  8 bats
  3 frilled lizards
  8 rats
55 creatures vanquished.

Notes
Turn   | Place    | Note
-------+----------+-------------------------------------------
     0 | D:1      | Moloch the Mummy Fighter began the quest for the Orb.
     0 | D:1      | Reached XP level 1. HP: 18/18 MP: 1/1
   117 | D:1      | Reached XP level 2. HP: 23/24 MP: 2/2
   530 | D:1      | Reached XP level 3. HP: 29/29 MP: 3/3
  1339 | D:3      | Reached XP level 4. HP: 23/36 MP: 4/4
  1468 | D:3      | Found a radiant altar of Vehumet.
  1470 | D:3      | Noticed tof's ghost (amateur DsGl)
  1504 | D:3      | Killed from afar by an orc priest

Vault maps used:
D:1:      onia_arrival_larder, hangedman_feature_mirror
D:3:      nicolae_overflow_crystal_walls, uniq_crazy_yiuf_cottage

Skill      XL: |  1  2  3 |
---------------+----------+-----
Polearms       | 2 3 |  3.1
Fighting       | |  3.6
Armour         | |  2.4
Shields        | |  2.4

Action                   |  1- 3 |  4- 6 || total
-------------------------+-------+-------++-------
Melee: Trident           |   195 |     5 ||   200
  Use: Scroll            |       |     6 ||     6
Armor: Scale mail        |    75 |     6 ||    81
Dodge: Dodged            |    55 |     3 ||    58
Block: Shield            |    84 |     6 ||    90

Table legend:
 A = Spawn XP
 B = Non-spawn XP
 C = Spawn XP percentage of total XP
 D = Spawn monster count
 E = Non-spawn monster count
 F = Spawn count percentage of total count
 G = Total turns spent on level
                    A         B        C        D         E        F      G
               +---------+---------+-------+---------+---------+-------+---------
         Total |       4 |     100 |   3.8 |       3 |      52 |   5.5 |  1504
               +---------+---------+-------+---------+---------+-------+---------
           D:1 |       0 |      45 |   0.0 |       0 |      27 |   0.0 |   642
           D:2 |       4 |      40 |   9.1 |       3 |      19 |  13.6 |   652
           D:3 |       0 |      15 |   0.0 |       0 |       6 |   0.0 |   210
               +---------+---------+-------+---------+---------+-------+---------
